 Dungeon Crawl Stone Soup version 0.28-a0-268-g3f656e82c2 (webtiles) character file.

Game seed: 3909164101055073636

3136 Ijustatesigmund the Fighter (level 9, -10/60 HPs)
             Began as a Gargoyle Fighter on Aug 27, 2021.
             Killed by divine providence
             ... invoked by an orc priest
              (14 damage)
             ... on level 8 of the Dungeon on Aug 28, 2021.
             The game lasted 00:15:37 (9359 turns).

Ijustatesigmund the Fighter (Gargoyle Fighter)      Turns: 9359, Time: 00:15:38

Health: -10/60     AC: 16    Str: 21    XL:     9   Next: 92%
Magic:  9/9        EV: 10    Int: 10    God:
Gold:   1753       SH:  0    Dex: 16    Spells: 8/8 levels left

rFire   + . .      SeeInvis .   w - +5 flail (freeze)
rCold   + . .      Faith    .   c - +1 kite shield
rNeg    + . .      Spirit   .   b - +2 ring mail {rC+}
rPois   ∞          Reflect  .   (no helmet)
rElec   +          Harm     .   o - +0 cloak
rCorr   .          Rampage  .   (no gloves)
Will    .....                   (no boots)
Stlth   ..........              (no amulet)
HPRegen 0.20/turn               q - +6 ring of dexterity
MPRegen 0.11/turn               f - ring of protection from fire

@: confused, ambrosia-drunk, attractive
A: sickness immunity, AC +6, negative energy resistance 1, electricity
resistance, torment resistance 1, petrification resistance, large bone plates 1
a: no special abilities


You were on level 8 of the Dungeon.
You visited 2 branches of the dungeon, and saw 10 of its levels.

You collected 1753 gold pieces.

Inventory:

Hand Weapons
 a - a +1 flail of protection
 r - a +1 flail of flaming
 w - a +5 flail of freezing (weapon)
Armour
 b - a +2 ring mail of cold resistance (worn)
 c - a +1 kite shield (worn)
 o - a +0 cloak (worn)
Jewellery
 f - a ring of protection from fire (right hand)
 h - a ring of flight
 m - a ring of willpower
 q - a +6 ring of dexterity (left hand)
 t - a ring of fire
Wands
 i - a wand of polymorph (4)
 n - a wand of digging (6)
Scrolls
 e - 2 scrolls of enchant armour
 l - 4 scrolls of immolation
 s - 2 scrolls of fog
 u - a scroll of brand weapon
Potions
 d - 2 potions of flight
 j - 3 potions of mutation
 k - 2 potions of brilliance {unknown}
 p - 2 potions of attraction
 A - a potion of haste {unknown}


   Skills:
 + Level 8.8 Fighting
 + Level 8.4 Maces & Flails
 - Level 6.5 Armour
 + Level 3.2 Dodging
 + Level 5.6 Shields


You had 8 spell levels left.
You didn't know any spells.
Your spell library contained the following spells:

 Spells                   Type           Power      Damage    Failure   Level
 Animate Skeleton         Necr           0%         N/A       89%         1
 Pain                     Necr           0%         1d4       89%         1
 Vampiric Draining        Necr           0%         2d6       99%         3
 Summon Lightning Spire   Summ/Air       0%         N/A       100%        4
 Storm Form               Tmut/Air       0%         N/A       100%        7
 Maxwell's Capacitive Co  Air            0%         ∞         100%        8


Dungeon Overview and Level Annotations

Branches:
Dungeon (9/15)             Temple (1/1) D:4
   Lair: D:8-11         Orc: D:9-12

Altars:
Ashenzari
Dithmenos
Elyvilon
Fedhas
Hepliaklqana
Kikubaaqudgha
Makhleb
Nemelex Xobeh
Okawaru
Qazlal
Ru
Sif Muna
Trog
Uskayaw
Vehumet
Wu Jian
Xom
Yredelemnul
Zin
The Shining One

Annotations:
D:6 1 transporter
D:8 1 runed translucent door, Joseph; anet's ghost, novice DECj


Innate Abilities, Weirdness & Mutations

You are immune to sickness and miasma.
Your stone body is resilient. (AC +6)
You are immune to poison.
You resist negative energy. (rN+)
You are resistant to electric shocks. (rElec)
You are resistant to unholy torment.
You are immune to petrification.
You are partially covered in large bone plates. (SH +4)


Message History

You feel strangely unstable. Something hits you!
You hit something but do no damage. Something hits you.
You sock something! You freeze something.
Something hits you but does no damage.
You completely miss something. Something hits you but does no damage.
You closely miss something.
Your surroundings suddenly seem different.
There is a stone staircase leading down here.
You climb downwards.
Reactivating autopickup.
The orc warrior shouts!
The orc shouts!
The killer bee buzzes angrily. x4
The orc warrior is attracted toward you.
The orc priest is attracted toward you. The killer bee is attracted toward you.
The orc is attracted toward you.
The killer bee is attracted toward you. x5
There is a stone staircase leading up here.
You block the killer bee's attack. x2
The orc priest mumbles some strange prayers to Beogh against you.
Beogh smites you!
* * * LOW HITPOINT WARNING * * *
You block the orc warrior's attack. The killer bee stings you.
* * * LOW HITPOINT WARNING * * *
You block the killer bee's attack. The killer bee closely misses you.
You climb upwards.
Level annotation: 1 runed translucent door, Joseph; anet's ghost, novice DECj
There is a stone staircase leading down here.
Okay, then.
You feel better. The killer bee closely misses you.
You block the killer bee's attack. You block the orc priest's attack.
You block the orc warrior's attack. The killer bee closely misses you.
The killer bee stings you.
* * * LOW HITPOINT WARNING * * *
It was a potion of ambrosia.
You are confused.
You feel invigorated.
The killer bee stings you but does no damage.
The killer bee stings you.
* * * LOW HITPOINT WARNING * * *
The orc priest invokes the aid of Beogh against you.
Beogh smites you!
You die...

............#
............#
............########
...................#
...................#
...................#
...................#
......)........o.y.#
...............o@..#
.................y.#
####################


You could see an orc warrior, 2 killer bees and an orc priest.

Vanquished Creatures
  Grum (D:8)
  A steam dragon (D:8)
  Menkaure (D:5)
  A water moccasin (D:7)
  2 black bears
  An ice beast (D:7)
  A sky beast (D:5)
  An ogre (D:6)
  2 wolves (D:8)
  2 centaurs
  A necrophage (D:5)
  2 bullfrogs (D:8)
  A kobold brigand (D:6)
  A wyvern zombie (D:6)
  A scorpion (D:7)
  A water moccasin skeleton (D:6)
  11 killer bees (D:8)
  4 wights (D:7)
  2 howler monkeys (D:7)
  A bullfrog zombie (D:6)
  3 centaur zombies
  2 hounds
  A jelly (D:6)
  An orc priest (D:7)
  2 centaur skeletons (D:6)
  A gnoll shaman (D:7)
  3 iguanas
  4 orc wizards (D:7)
  A killer bee zombie (D:8)
  A hound skeleton (D:4)
  5 gnolls
  4 adders
  2 shadow imps
  A white imp (D:3)
  A worm (D:2)
  2 dart slugs
  12 orcs
  8 endoplasms
  7 giant cockroaches
  9 goblins
  7 hobgoblins
  3 jackals (D:2)
  6 kobolds
  2 quokkas
  5 ball pythons
  4 bats
  3 frilled lizards
  2 rats
140 creatures vanquished.

Vanquished Creatures (collateral kills)
  A kobold brigand (D:8)
  2 kobolds (D:8)
3 creatures vanquished.

Grand Total: 143 creatures vanquished

Notes
Turn   | Place    | Note
-------+----------+-------------------------------------------
     0 | D:1      | Ijustatesigmund the Gargoyle Fighter began the quest for
                  | the Orb.
     0 | D:1      | Reached XP level 1. HP: 14/14 MP: 1/1
   314 | D:1      | Reached XP level 2. HP: 17/19 MP: 2/2
   371 | D:1      | Found a faded altar of an unknown god.
  1370 | D:2      | Reached XP level 3. HP: 24/24 MP: 3/3
  1994 | D:2      | Reached XP level 4. HP: 29/29 MP: 4/4
  1994 | D:2      | Upgraded the game from 0.28-a0-261-gc0b50483a2 to
                  | 0.28-a0-268-g3f656e82c2
  2597 | D:3      | Found a sparkling altar of Nemelex Xobeh.
  3993 | D:4      | Reached XP level 5. HP: 34/34 MP: 5/5
  4381 | D:4      | Found a staircase to the Ecumenical Temple.
  4390 | Temple   | Entered the Ecumenical Temple
  5092 | D:5      | Entered Level 5 of the Dungeon
  5113 | D:5      | Noticed a centaur
  5121 | D:5      | Killed a centaur
  5122 | D:5      | Reached skill level 5 in Maces & Flails
  5360 | D:5      | Reached XP level 6. HP: 35/40 MP: 6/6
  5425 | D:5      | Reached skill level 5 in Fighting
  5517 | D:5      | Noticed a sky beast
  5528 | D:5      | Killed a sky beast
  5531 | D:5      | Noticed a necrophage
  5538 | D:5      | Killed a necrophage
  5539 | D:5      | Reached XP level 7. HP: 35/44 MP: 7/7
  5758 | D:5      | Gained mutation: You are partially covered in large bone
                  | plates. (SH +4) [potion of mutation]
  6265 | D:6      | Found a shimmering altar of Xom.
  6273 | D:6      | Reached skill level 5 in Armour
  6288 | D:6      | Reached XP level 8. HP: 36/52 MP: 8/8
  6442 | D:6      | Found a transporter.
  6671 | D:6      | Identified a scroll of acquirement
  6671 | D:6      | Acquired 1135 gold pieces
  6687 | D:6      | Noticed Menkaure
  6732 | D:5      | Killed Menkaure
  6810 | D:6      | Noticed a sixfirhy
  6816 | D:6      | You fall into a shaft and drop 2 floors!
  6817 | D:8      | Found a runed translucent door.
  7682 | D:7      | Reached skill level 1 in Dodging
  7809 | D:7      | Reached XP level 9. HP: 57/58 MP: 9/9
  8505 | D:8      | Noticed Grum
  8519 | D:8      | Killed Grum
  8815 | D:8      | Reached skill level 5 in Shields
  9328 | D:8      | Noticed a two-headed ogre
  9328 | D:8      | Noticed anet's ghost (novice DECj)
  9344 | D:8      | Noticed Joseph
  9359 | D:8      | Killed from afar by an orc priest

Illustrated notes

Levels and vault maps discovered:
D:1:      amcnicky_arrival_flooded_fountain, layout_loops_ring,
          ebering_ecumenical_altar_hall
D:2:      minmay_razor_zed, layout_basic
D:3:      layout_basic, nemelex_xobeh_ov_fountains_minmay
D:4:      layout_layer_cave, minmay_temple_entry_poolview
D:5:      layout_loops_corners
D:6:      lemuel_ice_spiral_2, layout_rooms, mainiacjoe_overflow_chevrons,
          gammafunk_ghost_abyssal_escape, kennysheep_small_square, uniq_menkaure
D:7:      layout_loops_corners, serial_bayou_crossing
D:8:      layout_gridville, ebering_ghost_inner_flame, dk_rats_in_the_wall,
          uniq_joseph, uniq_grum
D:9:      layout_rooms, mainiacjoe_overflow_tiny_flanked,
          erik_lair_orcish_takeover, gammafunk_ghost_smash, grunt_ministairs_3,
          minmay_the_grid_2x2 [minmay_the_grid_rooms, minmay_the_grid_eight,
          minmay_the_grid_armoury, minmay_the_grid_prize_big_room]
Temple:   dpeg_five_rooms_temple

Skill      XL: |  1  2  3  4  5  6  7  8  9 |
---------------+----------------------------+-----
Maces & Flails | 3 4 5 6 7 8 |  8.4
Fighting       | 4 5 6 7 8 |  8.8
Armour         | 4 5 6 |  6.5
Dodging        | 1 3 |  3.2
Shields        | 5 |  5.6

Action                   |  1- 3 |  4- 6 |  7- 9 || total
-------------------------+-------+-------+-------++-------
Melee: Flail             |   148 |   120 |   324 ||   592
  Use: Scroll            |       |     6 |     9 ||    15
       Potion            |       |     1 |     9 ||    10
Armor: Scale mail        |    98 |    39 |       ||   137
       Ring mail         |       |    35 |   170 ||   205
Dodge: Dodged            |    58 |    43 |   115 ||   216
Block: Kite shield       |    87 |    50 |   369 ||   506

Table legend: (Time is in decaauts)
 A = Elapsed time spent in this place.
 B = Non-inter-level travel time spent in this place.
 C = Inter-level travel time spent in this place.
 D = Time resting spent in this place.
 E = Time spent auto-exploring this place.
 F = Levels seen in this place.
 G = Mean time per level.
                   A        B        C        D        E       F      G
               +--------+--------+--------+--------+--------+-----+--------+
         Total |   9574 |   9287 |    287 |   1579 |   6252 |  10 |  957.4 |
       Dungeon |   9290 |   9035 |    255 |   1579 |   6010 |   9 | 1032.2 |
        Temple |    283 |    252 |     31 |      0 |    242 |   1 |  283.0 |
               +--------+--------+--------+--------+--------+-----+--------+

Top non-repeatable levels by time:
     D:3: 1532 daAuts
     D:7: 1456 daAuts
     D:1: 1348 daAuts
     D:8: 1147 daAuts
     D:2: 1147 daAuts
     D:5: 1118 daAuts
     D:4: 887 daAuts
     D:6: 650 daAuts
  Temple: 283 daAuts
     D:9: 1 daAuts
